 Dungeon Crawl Stone Soup version 0.16.2-12-gd0ad4c3 (webtiles) character file.

3219 Iskender the Spear-Bearer (level 9, 43/48 HPs)
             Began as a Gargoyle Chaos Knight on Dec 27, 2015.
             Quit the game in a bailey.
             The game lasted 00:51:49 (8897 turns).

Iskender the Spear-Bearer (Gargoyle Chaos Knight)   Turns: 8897, Time: 00:51:49

Health: 43/48      AC: 10    Str: 17    XL:     9   Next: 97%
Magic:  9/9        EV: 11    Int: 10    God:    Xom [..*...]
Gold:   414        SH:  0    Dex: 12    Spells: 1 memorised, 7 levels left

rFire  . . .     SeeInvis .     a - +1 halberd (elec)
rCold  . . .     Clarity  .     M - +2 leather armour
rNeg   + . .     SustAb   .     (no shield)
rPois  ∞         Gourm    .     (no helmet)
rElec  +         Spirit   .     (no cloak)
rCorr  .         Warding  .     (no gloves)
rMut   .         Stasis   .     (no boots)
MR     .....                    (no amulet)
Stlth  +.........               (no ring)
                                i - ring of flight

@: not resistant to hostile enchantments, very unstealthy
A: blink 1, blurry vision 1, dopey 1, frail 1, negative energy resistance 1,
electricity resistance, spit poison 3, unbreathing, petrification resistance,
rot immunity, placid magic 1, AC +5
a: Spit Poison, Blink, Renounce Religion, Evoke Flight


You were in a bailey.
You worshipped Xom.
You were a toy of Xom.
You were hungry.

You visited 2 branches of the dungeon, and saw 9 of its levels.
You also visited: Bailey.

You collected 558 gold pieces.
You spent 144 gold pieces at shops.

Inventory:

Hand weapons
 a - a +1 halberd of electrocution (weapon)
 g - a +0 halberd
 B - a +0 antimagic spear
 W - a +2 spear of venom
 X - a +0 halberd of electrocution
Missiles
 n - 3 throwing nets
 u - 7 javelins (quivered)
 D - 14 poisoned needles
 H - 14 tomahawks
 V - 32 tomahawks of returning
Armour
 M - a +2 leather armour (worn)
Jewellery
 i - a ring of flight (left hand)
 y - an uncursed amulet of stasis
Magical devices
 j - a wand of confusion (43)
 E - a wand of teleportation (5)
 T - a wand of disintegration (10)
Scrolls
 b - a scroll of amnesia
 h - a scroll of noise {unknown}
 k - a scroll of identify
 m - a scroll of fog {unknown}
 o - 2 scrolls of immolation
 q - a scroll of remove curse
 w - 2 scrolls of teleportation
 x - 3 scrolls of recharging
 G - a scroll of vulnerability
 J - a scroll of enchant armour {unknown}
 K - a scroll of fear {unknown}
Potions
 f - a potion of brilliance {unknown}
 l - 3 potions of might
 r - a potion of agility
 s - a potion of poison {unknown}
 t - a potion of ambrosia {unknown}
 z - a potion of haste
 I - a potion of lignification {unknown}
 O - 2 potions of heal wounds
 P - a potion of curing
 U - a potion of flight {unknown}
Books
 R - a book of Beasts

   Spells                             Type                      Level
   a - Summon Butterflies             Summoning                    1
   b - Call Canine Familiar           Summoning                    3
   c - Summon Ice Beast               Ice/Summoning                4
   d - Summon Mana Viper              Hexes/Summoning              5
   e - Monstrous Menagerie            Summoning                    6
   f - Summon Hydra                   Summoning                    7
Comestibles
 c - 2 bread rations
 d - a beef jerky
 p - 2 meat rations
 L - a slice of pizza
 Q - a chunk of flesh
 S - a fruit


   Skills:
 - Level 5.1 Fighting
 + Level 12.1 Polearms
 - Level 2.1 Armour
 - Level 0.7 Dodging


You had 7 spell levels left.
You knew the following spells:

 Your Spells              Type           Power        Failure   Level  Hunger
b - Summon Butterflies    Summ           #.......     30%         1    ##.....


Dungeon Overview and Level Annotations

Branches:
Dungeon (8/15)             Temple (1/1) D:6
   Lair: D:8-11

Altars:
Gozag
Kikubaaqudgha
Ru
Sif Muna
Trog
Vehumet
Xom
Yredelemnul
The Shining One

Shops:
D:5 }   D:7 !

Annotations:
D:3 Wutend's ghost, weakling OpFi


Innate Abilities, Weirdness & Mutations

You are resistant to torment.
You are immune to poison.
Your stone body is very resilient (AC +5).
You resist negative energy.
You are resistant to electric shocks.
You can survive without breathing.
You are immune to petrification.
You are immune to rotting.
You can translocate small distances at will.
Scrolls take you a little longer to read.
You are dopey. (Int -2)
You are frail (-10% HP).
You can spit strong poison.
Your spells are a little easier to cast, but a little less powerful.


Message History

You drop a +0 trident.
You drop a halberd.
Items here: ) ††† a halberd; a hobgoblin corpse; a gnoll corpse; a gnoll corpse
g - a halberd
There is an open door, spattered with blood here.
Items here: )))))) † Drop what? 46/52 slots (_ for help) (? for menu, Esc to quit)
You drop a vampiric hand axe.
You drop a glaive.
Drop what? 44/52 slots (_ for help) (? for menu, Esc to quit)
You drop a +0 spear of freezing.
X - a +0 halberd of electrocution Save game and exit?
Welcome back, Iskender the Gargoyle Chaos Knight.
Xom snickers.
Press ? for a list of commands and other information.
Quiver which item? (- for none, * to show all) (? for menu, Esc to quit)
Okay, then.
Are you sure you want to abandon this character and quit the game? (Confirm with "yes".)

##### ### ###
#.@†###.###∩#
#'###'##'##'##
.. ##...†.##
...
###....†###
..⌠
#.'..∩..'.# .
###.....###
##.....##
##'##'##'##
#)###.###.#


There were no monsters in sight!

Vanquished Creatures
  Grinder (D:3)
  2 sky beasts
  An orc warrior (D:6)
  5 ogres
  4 centaurs
  5 giant frogs
  2 jellies
  A scorpion (D:5)
  6 wights
  4 orc priests
  A centaur skeleton (D:7)
  4 hounds
  3 iguanas
  8 orc wizards
  A giant frog skeleton (D:7)
  A quasit (D:7)
  A sheep (D:6)
  2 worker ants
  A worker ant zombie (D:7)
  18 gnolls
  12 adders
  A shadow imp (D:5)
  A giant mite (D:3)
  5 worms
  2 adder skeletons
  7 giant geckos
  An ooze (D:2)
  34 orcs
  8 giant cockroaches
  14 hobgoblins
  3 jackals (D:6)
  14 kobolds
  3 ball pythons
  6 bats
  5 giant newts
  18 goblins
  A jackal skeleton (D:4)
  6 quokkas
  A quokka skeleton (D:5)
  11 rats
224 creatures vanquished.

Vanquished Creatures (collateral kills)
  The ghost of SarkitSoul the Conjurer, an average OpCj (D:5)
1 creature vanquished.

Vanquished Creatures (others)
  A wight (D:7)
  An orc wizard (D:7)
2 creatures vanquished.

Grand Total: 227 creatures vanquished

Notes
Turn   | Place    | Note
--------------------------------------------------------------
     0 | D:1      | Iskender, the Gargoyle Chaos Knight, began the quest for the Orb.
     0 | D:1      | Reached XP level 1. HP: 14/14 MP: 1/1
   159 | D:1      | XOM: potion effect (invisibility)
   163 | D:1      | Reached XP level 2. HP: 13/19 MP: 2/2
   487 | D:1      | XOM: harmless Conj miscast
   528 | D:1      | XOM: harmless Air miscast
   610 | D:1      | XOM: divination: magic mapping
   931 | D:2      | Reached XP level 3. HP: 23/23 MP: 3/3
   938 | D:2      | XOM: divination: detect items
   999 | D:2      | XOM: harmless Hex miscast
  1010 | D:2      | Reached skill level 4 in Polearms
  1086 | D:2      | Reached XP level 4. HP: 26/28 MP: 4/4
  1161 | D:2      | XOM: god gift: 33 gold pieces
  1638 | D:3      | Noticed Grinder
  1638 | D:3      | XOM: mild Fire miscast
  1639 | D:3      | Noticed a fire vortex
  1639 | D:3      | Noticed a fire vortex
  1686 | D:2      | XOM: silly message
  2162 | D:3      | XOM: divination: detect creatures
  2171 | D:3      | Reached skill level 5 in Polearms
  2171 | D:3      | Reached XP level 5. HP: 8/32 MP: 5/5
  2469 | D:3      | XOM: 3-stop teleportation journey
  2485 | D:3      | Noticed Wutend's ghost (weakling OpFi)
  2498 | D:3      | XOM: 1-stop teleportation journey
  2752 | D:3      | Found a bloodstained altar of Trog.
  2982 | D:4      | Found an ancient bone altar of Kikubaaqudgha.
  3130 | D:3      | XOM: confuse monster(s)
  3173 | D:4      | XOM: vitrification
  3387 | D:4      | XOM: smoke on damage
  3442 | D:4      | Reached XP level 6. HP: 18/37 MP: 6/6
  3555 | D:4      | Reached skill level 6 in Polearms
  3786 | D:5      | XOM: noise
  3786 | D:5      | Entered Level 5 of the Dungeon
  3790 | D:5      | XOM: silly message
  3798 | D:5      | XOM: blink monster(s)
  4023 | D:5      | XOM: confuse monster(s)
  4028 | D:5      | Reached skill level 7 in Polearms
  4028 | D:5      | Reached XP level 7. HP: 38/41 MP: 7/7
  4107 | D:5      | XOM: swap weapons
  4159 | D:4      | XOM: chaos upgrade
  4161 | D:4      | XOM: stat loss: -1 Dex (10/11)
  4321 | D:5      | Reached skill level 8 in Polearms
  4499 | D:3      | XOM: give mutations
  4499 | D:3      | Gained mutation: You are frail (-10% HP). [Xom's mischief]
  4499 | D:3      | Gained mutation: Your spells are a little easier to cast, but a little less powerful. [Xom's mischief]
  4499 | D:3      | Gained mutation: You can spit poison. [Xom's mischief]
  4514 | D:3      | XOM: silly message
  4514 | D:3      | Paralysed by Grinder for 7 turns
  4527 | D:3      | Paralysed by Grinder for 6 turns
  4652 | D:2      | XOM: summons 4 hostile shadow creatures
  5376 | D:5      | Reached XP level 8. HP: 41/41 MP: 8/8
  5595 | D:5      | XOM: 5-stop teleportation journey
  5673 | D:5      | Reached skill level 9 in Polearms
  5685 | D:5      | Found a sacrificial altar of Ru.
  5775 | D:5      | XOM: 5-stop teleportation journey
  5778 | D:5      | Noticed SarkitSoul's ghost (average OpCj)
  5799 | D:5      | XOM: medium Erth miscast
  5808 | D:5      | XOM: chaos cloud
  5821 | D:5      | Found Jeteoch's Quality Used Wands.
  5876 | D:6      | XOM: enchant monster (bad)
  5957 | D:6      | XOM: give mutations
  5957 | D:6      | Gained mutation: You can translocate small distances at will. [Xom's mischief]
  5957 | D:6      | Gained mutation: You are dopey. (Int -2) [Xom's mischief]
  5957 | D:6      | Gained mutation: Scrolls take you a little longer to read. [Xom's mischief]
  6057 | D:6      | Found a radiant altar of Vehumet.
  6103 | D:6      | XOM: noise
  6104 | D:6      | XOM: chaos cloud
  6114 | D:6      | XOM: harmless Divn miscast
  6120 | D:6      | XOM: 1-stop teleportation journey
  6199 | D:6      | Reached skill level 10 in Polearms
  6446 | D:6      | Found a bloodstained altar of Trog.
  6446 | D:6      | XOM: 5-stop teleportation journey
  6466 | D:6      | XOM: blink monster(s)
  6472 | D:6      | XOM: give mutations
  6472 | D:6      | Gained mutation: You can spit moderately strong poison. [Xom's grace]
  6472 | D:6      | Gained mutation: You can spit strong poison. [Xom's grace]
  6510 | D:6      | Reached XP level 9. HP: 24/45 MP: 9/9
  6718 | D:6      | XOM: cast spell 'Dragon Form'
  6786 | D:6      | Reached skill level 11 in Polearms
  6863 | D:6      | Found a staircase to the Ecumenical Temple.
  6878 | Temple   | Entered the Ecumenical Temple
  6974 | D:6      | XOM: confusion
  6994 | D:6      | XOM: enchant monster (bad)
  7108 | D:7      | Found Khipniur's Distillery.
  7128 | D:7      | Bought a potion of heal wounds for 60 gold pieces
  7128 | D:7      | Bought a potion of curing for 36 gold pieces
  7128 | D:7      | Bought a potion of might for 48 gold pieces
  7147 | D:5      | XOM: summons 9 friendly demons
  7159 | D:5      | Killed SarkitSoul's ghost
  7510 | D:3      | XOM: god gift: 50 gold pieces
  7531 | D:3      | Killed Grinder
  7580 | D:3      | XOM: scenery: create altars
  7786 | D:7      | XOM: destruction
  7832 | D:7      | XOM: divination: detect creatures
  7988 | D:7      | Learned a level 1 spell: Summon Butterflies
  8092 | D:7      | Found a glowing golden altar of the Shining One.
  8092 | D:7      | Found an opulent altar of Gozag.
  8218 | D:7      | Found a sacrificial altar of Ru.
  8326 | D:7      | XOM: cast spell 'Spider Form'
  8369 | D:7      | XOM: medium Ice miscast
  8448 | D:7      | XOM: enchant monster (good)
  8683 | D:8      | Reached skill level 5 in Fighting
  8683 | D:8      | Reached skill level 12 in Polearms
  8707 | D:8      | XOM: harmless Chrm miscast
  8751 | D:8      | Found a flagged portal.
  8768 | Bailey   | Entered a bailey
  8897 | Bailey   | Quit the game

Action                   |  1- 3 |  4- 6 |  7- 9 || total
-------------------------+-------+-------+-------++-------
Melee: Spear             |   121 |   267 |   634 ||  1022
       Unarmed           |       |       |    11 ||    11
       Halberd           |       |       |    11 ||    11
Throw: Stone             |       |    19 |       ||    19
       Javelin           |       |       |     5 ||     5
       Tomahawk          |       |       |     2 ||     2
 Abil: Breathe Fire      |       |       |     2 ||     2
       Evoke Flight      |       |       |     1 ||     1
Evoke: Wand              |       |       |     2 ||     2
  Use: Scroll            |       |     5 |     6 ||    11
       Potion            |       |     1 |     2 ||     3
 Stab: Sleeping          |       |     1 |     1 ||     2
       Distracted        |       |     1 |       ||     1
       Confused          |       |     1 |     1 ||     2
  Eat: Chunk             |     1 |     5 |    12 ||    18
       Bread ration      |       |     1 |       ||     1
       Royal jelly       |       |       |     2 ||     2
